Unix NetHack Version 5.0.0-0 post-release - last build May 23 2026 06:08:33 (1c0ff79ee797540d5714e4e18072db0edd9e58ae,branch:main).

Game began 2026-05-30 01:27:02, ended 2026-05-30 02:28:42.

ARFwashere, lawful male dwarven Archeologist

     ---- ----                                 ---- ------
    --..---..|        $   *#^*         $  $   --..---.--.--   ---..|.---  #
    |....|...|      *        #                |.....(.....----.........######
    |....|...--    *        -####*   $        |..---...............--..|    #
    --..<.....|       -------.--             ---.| --..|..---..|     -.|
     --......-- -------.--.|...|             |.[)|  |.---.-          |.|
      |^.--..|  |.^||......)..-|  ---       --.--   |.--             |f|
      --.-----  |..||..........| --.|  ------..|    |..--    )      --@.
       |..--    --.--.|........---..----......--    |...|  *        -..j
       |...|---- |#...|-...................----   ---..-|           ...
       |.-.--..---..-- |>.................*.---   |.....|
       |.............| -----.-...-----.)......-----.....----- ---    %
       |-.----------.|     |...---   |.........##.........|.---..        G
       |..|        ---     ---.-------........-||............|...
      --..-----             --..||.|...........----..............
      |.......---           |...||............ .| |.............. ...
      --........--          |...|-.......--....-- --.................
       |...*.....--         ----|.....------...^|  ---................
     $ --.....|...|       $     --....|    |....|    ---......|.......
        --.|.---.--              --.---    --.---      --.--.---.|..--
         ----- ---                ---       ---         ------ ------
ARFwashere the Field Worker  St:18 Dx:11 Co:10 In:16 Wi:16 Ch:9  Lawful
Dlvl:5  $:2241 HP:0(34) Pw:16(16) AC:3  Xp:5 T:4025  Burdened

Latest messages:
 You start digging.
 You hit the rock with all your might.
 You succeed in cutting away some rock.
 You swap places with your housecat.
 You see here a violet gem.
 You have a little trouble lifting s - a violet gem.
 What do you want to use or apply? [ae-inrKNY or ?*] g
 What do you want to rub on the stone? [$s or ?*] s
 s - an amethyst stone.
 You swap places with the peaceful gnome.
 The housecat bites the gnome.
 The gnome is killed!
 You begin bashing monsters with your pick-axe.
 You miss the blue jelly.
 You are suddenly very cold!
 In what direction? l
 The dart hits it.
 In what direction? l
 The dart hits it.
 In what direction? l
 The dart hits it.
 In what direction? l
 The dart hits it.
 In what direction? l
 The dart hits it.
 In what direction? l
 The dart hits it.
 In what direction? l
 The dart hits it.
 In what direction? l
 The dart misses.
 In what direction? l
 The dart hits it.
 The housecat misses the gnome.
 The housecat bites the gnome.
 In what direction? l
 The dart hits it.
 The housecat misses the gnome.
 The housecat misses the gnome.
 In what direction? l
 The dart misses.
 You miss the blue jelly.
 You miss the blue jelly.
 You are suddenly very cold!
 You die...
 Do you want your possessions identified? [ynq] (y) y
 Do you want to see your attributes? [ynq] (y) y
 Do you want an account of creatures vanquished? [ynaq] (y) y
 Do you want to see your conduct and achievements? [ynq] (y) y
 Do you want to see the dungeon overview? [ynq] (y) y

Inventory:
 Coins    ('$')
  $ - 2241 gold pieces
 Weapons  (')')
  p - 2 +0 orcish daggers
  a - a +2 bullwhip
 Armor    ('[')
  w - an uncursed +0 orcish helm (being worn)
  t - an uncursed +0 shield of shock resistance (being worn)
  x - an uncursed +0 alchemy smock with text "If you can't stand the heat, get out of Gehennom!"
  v - an uncursed +0 Hawaiian shirt with a jellyfish motif (being worn)
  U - an uncursed +0 elven mithril-coat (being worn)
 Comestibles  ('%')
  d - 4 uncursed food rations
  C - an uncursed sprig of wolfsbane
  m - an uncursed tripe ration
 Scrolls  ('?')
  H - a blessed scroll of destroy armor
  j - an uncursed scroll of enchant armor
  k - an uncursed scroll of magic mapping
  L - an uncursed scroll of teleportation
 Potions  ('!')
  G - 2 uncursed potions of healing
  O - an uncursed potion of object detection
  q - 2 uncursed potions of paralysis
 Rings    ('=')
  Q - an uncursed ring of warning
 Wands    ('/')
  n - a blessed wand of nothing (0:8)
 Tools    ('(')
  h - an empty uncursed sack
  r - an expensive camera (0:96)
  i - a magic marker (0:19)
  N - a cursed magic whistle
  e - a +0 pick-axe (weapon in right hand)
  Y - an uncursed skeleton key
  K - an uncursed tin opener
  f - a tinning kit (0:72)
 Gems/Stones  ('*')
  s - an uncursed amethyst stone
  X - an uncursed garnet stone
  c - an uncursed jacinth stone
  l - an uncursed jade stone
  Z - an uncursed flint stone
  g - an uncursed touchstone

ARFwashere the Archeologist's attributes:

Background:
 You were a Field Worker, a level 5 male dwarven Archeologist.
 You were lawful, on a mission for Quetzalcoatl
 who was opposed by Camaxtli (neutral) and Huhetotl (chaotic).
 You were right-handed.
 You were in the Gnomish Mines, on level 5.
 You entered the dungeon 4025 turns ago.
 It was nighttime.
 You had 169 experience points, 151 more were needed to attain level 6.

Basics:
 You had 0 out of 34 hit points.
 You had all 16 energy points (spell power).
 Your armor class was 3.
 Your wallet contained 2241 zorkmids.
 Autopickup was on for '$' plus thrown.

Final Characteristics:
 Your strength was 18 (limit:18/100).
 Your dexterity was 11 (limit:20).
 Your constitution was 10 (limit:20).
 Your intelligence was 16 (limit:16).
 Your wisdom was 16 (limit:16).
 Your charisma was 9 (limit:16).

Final Status:
 You weren't hungry.
 You were burdened; movement was slightly slowed.
 You were wielding a pick-axe.
 You had basic skill with pick-axe.

Final Attributes:
 You were piously aligned.
 You were shock resistant.
 Your items were protected from electric shocks.
 You were telepathic.
 You had automatic searching.
 You had infravision.
 You were stealthy.
 You were guarded.
 You are dead.

Miscellaneous:
 You didn't encounter any bones levels.
 Total elapsed playing time was 1 hour, 1 minute and 39 seconds.

Major events:
 Turn
    1: ARFwashere the lawful male dwarven Archeologist entered the dungeon
 1578: attained the rank of Field Worker (level 3)
 2701: entered the Gnomish Mines
 4025: killed by a blue jelly

You didn't know any spells.

Skills:
 Fighting Skills
   bare handed combat [Unskilled]
   two weapon combat  [Unskilled]
   riding             [Unskilled]
 Weapon Skills
   dagger             [Unskilled]
   knife              [Unskilled]
   pick-axe           [Basic]
   short sword        [Unskilled]
   saber              [Unskilled]
   club               [Unskilled]
   quarterstaff       [Unskilled]
   sling              [Unskilled]
   dart               [Unskilled]
   boomerang          [Unskilled]
   whip               [Basic]
   unicorn horn       [Unskilled]
 Spellcasting Skills
   attack spells      [Unskilled]
   healing spells     [Unskilled]
   divination spells  [Unskilled]
   matter spells      [Unskilled]

Voluntary challenges:
 Character rerolling was not enabled.
 You never genocided any monsters.
 You never polymorphed an object.
 You used no wishes.
Achievements:
 You entered a shop.
 You attained the rank of Field Worker.
 You entered the Gnomish Mines.

 The Dungeons of Doom: levels 1 to 4
    Level 1:
       A fountain.
    Level 2:
       A general store, some fountains.
    Level 3:
       A fountain.
    Level 4:
       A general store.
       Stairs down to The Gnomish Mines.
 The Gnomish Mines:
    Level 5: <- You were here.
       Final resting place for
          you, killed by a blue jelly.


Vanquished creatures:
  2 rock piercers
  a shrieker
  2 gnome leaders
 an elf zombie
  a straw golem
  2 giant ants
  2 floating eyes
  2 hill orcs
 an orc zombie
  a wererat
  4 giant rats
  a cave spider
  a yellow mold
  a green mold
  a red mold
  9 gnomes
  3 geckos
  2 jackals
  2 foxes
  2 kobolds
  2 goblins
  3 sewer rats
  2 grid bugs
  4 lichens
  5 kobold zombies
 10 newts
67 creatures vanquished.

No species were genocided or became extinct.

Game over:
                       ----------
                      /          \
                     /    REST    \
                    /      IN      \
                   /     PEACE      \
                  /                  \
                  |    ARFwashere    |
                  |     2241 Au      |
                  | killed by a blue |
                  |      jelly       |
                  |                  |
                  |                  |
                  |       2026       |
                 *|     *  *  *      | *
        _________)/\\_//(\/(/\)/\//\/|_)_______

Goodbye ARFwashere the Archeologist...

You died in The Gnomish Mines on dungeon level 5 with 2903 points,
and 2241 pieces of gold, after 4025 moves.
You were level 5 with a maximum of 34 hit points when you died.

